Map: Eternal Empire LE

Players

DisK - Winner!

  • Race: Protoss Protoss
  • League: Grandmaster
  • Spawn Location: 1:00

Creature

  • Race: Protoss Protoss
  • Spawn Location: 7:00

Event: DreamHack SC2 Masters 2020 Summer North America

VOD

Have the link to the VOD?

Description

Time

  • Played on: July 1, 2020, 4:02 p.m.
  • Length: 9:03

All games in this series

Show
View Real Time Build Order
Export as new Build Order

DisK Protoss - Winner!

Build Orders:  

Get SALT Encoding   

  12  0:00  Probe  
  13  0:12  Probe  
  14  0:17  Pylon  
  14  0:24  Probe  
  15  0:33  Probe  
  15  0:36  Gateway  
  15  0:41  Probe  
  16  0:47  Assimilator  
  17  0:51  Probe  
  17  0:55  Assimilator  
  18  0:59  Probe  
  19  1:08  Probe  
  19  1:12  Gateway  
  19  1:18  Probe  
  20  1:24  Cybernetics Core  
  21  1:32  Probe  
  22  1:34  Pylon  
  22  1:47  Probe  
  22  1:51  Warp Gate  
  23  2:01  Stalker x2  
  27  2:03  Probe  
  27  2:07  Pylon  
  28  2:19  Probe  
  29  2:28  Shield Battery  
  29  2:32  Stalker  
  29  2:34  Stalker  
  33  2:42  Pylon  
  32  2:58  Probe  
  33  3:02  Stalker  
  33  3:04  Stalker  
  35  3:16  Robotics Facility  
  35  3:30  Shield Battery  
  35  3:33  Shield Battery  
  35  3:39  Adept  
  37  3:41  Adept  
  37  3:42  Probe  
  40  3:54  Nexus  
  40  4:09  Pylon  
  40  4:14  Stalker  
  40  4:15  Stalker  
  44  4:26  Probe  
  45  4:38  Sentry, Probe  
  42  4:39  Stalker  
  42  4:40  Observer  
  45  4:47  Probe  
  44  4:55  Probe  
  44  4:56  Twilight Council  
  45  5:03  Stalker x2, Probe  
  47  5:09  Probe  
  47  5:12  Probe  
  47  5:18  Probe  
  47  5:19  Blink  
  47  5:20  Probe  
  48  5:27  Zealot x2  
  54  5:29  Probe  
  54  5:31  Probe  
  56  5:46  Probe  
  56  5:47  Probe  
  56  5:49  Shield Battery  
  58  5:53  Gateway  
  58  5:56  Gateway  
  58  6:02  Pylon  
  58  6:05  Probe x2  
  58  6:11  Immortal  
  60  6:12  Pylon  
  60  6:15  Stalker  
  62  6:24  Pylon  
  66  6:33  Pylon x2  
  66  6:39  Gateway  
  66  6:41  Gateway  
  66  6:45  Stalker  
  68  6:50  Stalker  
  68  6:51  Stalker  
  72  7:01  Stalker  
  72  7:05  Assimilator  
  72  7:07  Probe x2, Pylon  
  76  7:11  Stalker  
  76  7:13  Warp Prism  
  78  7:27  Stalker x2  
  78  7:28  Observer  
  84  7:35  Stalker x2  
  88  7:37  Stalker  
  90  7:47  Stalker  
  90  7:51  Stalker x2  
  95  7:59  Pylon  
  89  8:23  Stalker  
  89  8:24  Stalker x5  
  77  8:51  Stalker x6  
Show
View Real Time Build Order
Export as new Build Order

Creature Protoss 

Build Orders: Blink Stalkers 

Get SALT Encoding   

  12  0:00  Probe  
  13  0:13  Probe  
  14  0:17  Pylon  
  14  0:25  Probe  
  15  0:34  Probe  
  15  0:36  Gateway  
  15  0:42  Probe  
  16  0:47  Assimilator  
  17  0:52  Probe  
  17  0:55  Assimilator  
  18  1:00  Probe  
  19  1:08  Probe  
  19  1:09  Gateway  
  19  1:18  Probe  
  20  1:24  Cybernetics Core  
  21  1:30  Probe  
  22  1:35  Pylon  
  22  1:42  Probe  
  23  1:52  Pylon  
  23  1:54  Probe  
  24  2:07  Stalker x2  
  28  2:12  Warp Gate  
  28  2:38  Stalker x2  
  31  2:53  Nexus  
  31  2:59  Pylon  
  29  3:13  Sentry  
  29  3:14  Sentry  
  29  3:16  Probe  
  34  3:20  Twilight Council  
  34  3:28  Probe  
  34  3:29  Shield Battery  
  35  3:40  Probe  
  36  3:48  Forge  
  36  3:49  Blink  
  36  3:52  Probe  
  37  4:02  Shield Battery  
  37  4:03  Stalker  
  37  4:04  Probe  
  40  4:15  Stalker  
  42  4:19  Shield Battery  
  40  4:25  Probe  
  38  4:32  Probe  
  38  4:38  Stalker  
  40  4:47  Probe  
  40  4:50  Stalker, Probe  
  42  4:55  Probe  
  43  5:02  Probe  
  43  5:04  Probe  
  40  5:11  Stalker  
  42  5:14  Probe  
  42  5:16  Shield Battery, Probe  
  42  5:18  Stalker  
  45  5:22  Pylon  
  45  5:26  Probe  
  46  5:30  Protoss Ground Weapons Level 1  
  46  5:40  Probe x2  
  48  5:45  Stalker, Shield Battery  
  48  5:48  Stalker  
  48  5:49  Probe  
  52  5:52  Probe  
  52  5:56  Pylon  
  54  6:02  Pylon  
  54  6:14  Probe x2  
  54  6:15  Charge  
  56  6:20  Stalker  
  56  6:22  Probe x2  
  58  6:26  Robotics Facility  
  58  6:30  Probe x2  
  60  6:36  Stalker  
  64  6:41  Probe  
  64  6:42  Probe  
  64  6:44  Gateway  
  64  6:45  Gateway  
  66  6:53  Probe  
  66  6:54  Assimilator  
  67  6:55  Probe  
  68  7:05  Nexus  
  68  7:11  Templar Archives  
  68  7:18  Gateway  
  68  7:19  Observer  
  68  7:20  Gateway  
  68  7:21  Pylon  
  69  7:31  Probe  
  70  7:38  Pylon  
  70  7:39  Immortal, Probe  
  70  7:41  Shield Battery  
  71  7:50  Zealot  
  77  7:55  Shield Battery  
  77  8:00  Photon Cannon, Zealot x3  
  83  8:10  Gateway  
  83  8:12  Gateway  
  79  8:14  Zealot  
  79  8:19  Zealot x2  
  75  8:24  Zealot x2  
  73  8:32  Zealot  
  73  8:34  Zealot  
  67  8:43  Zealot x2  
  67  8:45  Zealot x2  
  57  8:57  Stalker x2  
Tags
 
Add a new tag
Caveats
  • Supply blocks, unpowered buildings, or Contaminate may cause inaccurate times.
  • Supply counts are checked every 10 seconds.